 Dungeon Crawl Stone Soup version 0.30.1 (webtiles) character file.

Game seed: 15972066298319750585

133 NotreDorf the Magician (level 4, 0/30 HPs)
             Began as a Mummy Hedge Wizard on July 3, 2023.
             Slain by an iguana (5 damage)
             ... on level 4 of the Dungeon.
             The game lasted 00:11:09 (3374 turns).

NotreDorf the Magician (Mummy Hedge Wizard)         Turns: 3374, Time: 00:11:10

Health: 0/30       AC:  3    Str: 13    XL:     4   Next: 93%
Magic:  0/11       EV: 12    Int: 15    God:
Gold:   196        SH:  0    Dex: 11    Spells: 7/13 levels left

rFire   x . .        a - +0 dagger
rCold   + . .        (no shield)
rNeg    + + +        b - +0 robe
rPois   ∞            c - +0 hat
rElec   .            (no cloak)
rCorr   .            i - +0 pair of gloves
SInv    .            (no boots)
Will    .....        o - amulet of regeneration
Stlth   ++           (no ring)
HPRegen 1.05/turn    (no ring)
MPRegen 0.12/turn

%: faith
@: no status effects
A: cold resistance 1, negative energy resistance 3, torment resistance 2, heat
vulnerability 1, in touch with death 1, no potions, faith
a: no special abilities


You were on level 4 of the Dungeon.
You visited 1 branch of the dungeon, and saw 4 of its levels.

You collected 196 gold pieces.

Inventory:

Hand Weapons
 a - a +0 dagger (weapon)
Armour
 b - a +0 robe (worn)
 c - a +0 hat (worn)
 i - a +0 pair of gloves (worn)
Jewellery
 o - an amulet of regeneration (around neck)
Wands
 g - a wand of polymorph (6)
Scrolls
 d - a scroll of enchant armour {unknown}
 e - a scroll of torment {unknown}
 f - 3 scrolls of teleportation
 h - 3 scrolls of blinking
 j - a scroll of vulnerability {unknown}
 k - a scroll of immolation {unknown}
 l - a scroll of brand weapon {unknown}
 m - a scroll of enchant weapon
 n - a scroll of magic mapping
 p - a scroll of poison


   Skills:
 - Level 2.2 Dodging
 - Level 1.5 Stealth
 + Level 5.2 Spellcasting
 + Level 2.2 Conjurations
 - Level 0.7 Summonings
 - Level 0.7 Translocations
 + Level 1.2 Air Magic


You had 7 spell levels left.
You knew the following spells:

 Your Spells              Type           Power      Damage    Failure   Level
a - Magic Dart            Conj           40%        1d5       6%          1
b - Blink                 Tloc           12%        N/A       19%         2
c - Mephitic Cloud        Conj/Pois/Air  7%         N/A       30%         3

Your spell library contained the following spells:

 Spells                   Type           Power      Damage    Failure   Level
 Slow                     Hex            12%        N/A       16%         1
 Call Imp                 Summ           12%        N/A       19%         2
 Cigotuvi's Dreadful Rot  Necr/Pois/Air  14%        N/A       21%         2


Dungeon Overview and Level Annotations

Branches:
Dungeon (4/15)
 Temple: D:4-7

Altars:
Kikubaaqudgha

Shops:
D:2 :

Annotations:
D:3 2 transporters


Innate Abilities, Weirdness & Mutations

You are immune to poison.
Your flesh is cold resistant. (rC+)
You are immune to negative energy. (rN+++)
You are immune to unholy pain and torment.
You are vulnerable to heat. (rF-)
You are in touch with the powers of death.
You do not drink.
You have a special connection with the divine. (Faith)


Message History

Aiming: Magic Dart (safe; 6% risk of failure)
Press: ? - help, Shift-Dir - straight line, f - iguana
Aim: an iguana (100% to hit)
The magic dart hits the iguana.
The iguana is lightly wounded.
The iguana bites you.
You closely miss the iguana.
The iguana is lightly wounded.
The iguana completely misses you.
You hit the iguana but do no damage.
The iguana is lightly wounded.
The iguana bites you!
You closely miss the iguana.
The iguana is lightly wounded.
The iguana barely misses you.
You hit the iguana but do no damage.
The iguana is lightly wounded.
The iguana barely misses you.
You hit the iguana.
The iguana is lightly wounded.
The iguana barely misses you.
Casting: Magic Dart (safe; 6% risk of failure)
Confirm with . or Enter, or press ? or * to list all spells.
Aiming: Magic Dart (safe; 6% risk of failure)
Press: ? - help, Shift-Dir - straight line, f/p - iguana
Aim: an iguana (lightly wounded, 100% to hit)
The magic dart hits the iguana but does no damage.
The iguana is lightly wounded.
The iguana misses you.
You hit the iguana.
The iguana is moderately wounded.
The iguana completely misses you.
You closely miss the iguana.
The iguana is moderately wounded.
The iguana bites you!
* * * LOW HITPOINT WARNING * * *
You hit the iguana but do no damage.
The iguana is moderately wounded.
The iguana bites you.
You die...

#.#.#..# #.##.#
#.#.#..####.#..#
#.#.#.......#!##
#.#!#######.#
#.# #.# #.# #.#
#.# #.# #.# #.#
#.# #@# #.# #l##
#.# #..#
#<#...J.....#
..##.##...# #.
.##..# #.
##.#.## .# .) .
.# . .# . .#


You could see an iguana.

Vanquished Creatures
  A sleepcap (D:4)
  4 adders
  2 dart slugs (D:2)
  5 orcs
  5 bats
  10 endoplasms
  2 goblins
  4 hobgoblins
  7 ball pythons
  4 frilled lizards
  6 kobolds
  10 rats
60 creatures vanquished.

Notes
Turn   | Place    | Note
-------+----------+-------------------------------------------
     0 | D:1      | NotreDorf the Mummy Hedge Wizard began the quest for the
                  | Orb.
     0 | D:1      | Reached XP level 1. HP: 13/13 MP: 5/5
   258 | D:1      | Reached skill level 1 in Conjurations
   422 | D:1      | Reached XP level 2. HP: 18/19 MP: 0/7
  1027 | D:1      | Learned a level 2 spell: Blink
  1356 | D:2      | Gained mutation: You are in touch with the powers of death.
                  | [Mummy growth]
  1356 | D:2      | Reached XP level 3. HP: 22/24 MP: 0/9
  1360 | D:2      | Learned a level 3 spell: Mephitic Cloud
  1937 | D:2      | Found Huq Irr's Book Emporium.
  2443 | D:3      | Reached XP level 4. HP: 29/30 MP: 2/10
  2551 | D:3      | Found a transporter.
  2775 | D:3      | Found a transporter.
  3124 | D:3      | Found an ancient bone altar of Kikubaaqudgha.
  3184 | D:4      | Reached skill level 5 in Spellcasting
  3184 | D:4      | Reached skill level 1 in Air Magic
  3374 | D:4      | Slain by an iguana

Illustrated notes

Levels and vault maps discovered:
D:1:      giann_forest_graveyard, layout_rooms, hangedman_decor_points
D:2:      layout_loops_cross, serial_shops, shop
D:3:      gammafunk_wand_slinger, layout_basic,
          lemuel_zombie_altar_kikubaaqudgha
D:4:      layout_basic, nemelex_dance_club_becter,
          mainiacjoe_overflow_six_doors_small, mainiacjoe_overflow_24_doors,
          minmay_checkerbox, uniq_blork_the_orc, uniq_eustachio

Skill      XL: |  1  2  3  4 |
---------------+-------------+-----
Conjurations   | 1 2 |  2.2
Dodging        | 2 |  2.2
Spellcasting   | 5 |  5.2
Air Magic      | 1 |  1.2
Stealth        | |  1.5
Summonings     | |  0.7
Translocations | |  0.7

Action                     |  1- 3 |  4- 6 || total
---------------------------+-------+-------++-------
  Melee: Dagger            |    40 |    69 ||   109
         Punch             |       |     2 ||     2
   Cast: Magic Dart        |   124 |    45 ||   169
         Mephitic Cloud    |       |     1 ||     1
    Use: Scroll            |       |     5 ||     5
   Stab: Confused          |       |     1 ||     1
 Armour: Robe              |    14 |     6 ||    20
  Dodge: Dodged            |    40 |    51 ||    91
